 Dungeon Crawl Stone Soup version 0.30-a0-916-g9813417 (webtiles) character file.

Game seed: 61335843962432496

2025 Dorkslayer the Covered (level 9, -4/55 HPs)
             Began as a Gargoyle Fighter on Apr 17, 2023.
             Was an Initiate of Gozag.
             Killed from afar by an acid dragon (5 damage)
             ... with a splash of acid
             ... on level 9 of the Dungeon.
             The game lasted 00:23:02 (4087 turns).

Dorkslayer the Covered (Gargoyle Fighter)           Turns: 4087, Time: 00:23:04

Health: -4/55      AC: 15    Str: 23    XL:     9   Next: 23%
Magic:  9/9        EV: 12    Int: 16    God:    Gozag
Gold:   327        SH:  5    Dex: 13    Spells: 8/8 levels left

rFire   + . .      SeeInvis .    a - +0 war axe (chaos)
rCold   + + .      Faith    .    c - +0 buckler
rNeg    + . .      Spirit   .    b - +0 scale mail
rPois   ∞          Reflect  .    (no helmet)
rElec   +          Rampage  .    s - scarf {rC+ rF+}
rCorr   +                        l - +0 pair of gloves
Will    .....                    (no boots) Stlth
                                 u - amulet of regeneration
HPRegen 1.09/turn                h - +6 ring of intelligence
MPRegen 0.11/turn                t - ring of Distryo {Drain rC+ rCorr Int+2 Dex+2}

@: no status effects
A: sickness immunity, AC +6, negative energy resistance 1, electricity
resistance, torment resistance 1, petrification resistance
a: Renounce Religion, Potion Petition, Call Merchant, Bribe Branch


You were on level 9 of the Dungeon.
You worshipped Gozag.
Gozag was aware of your devotion.
You visited 1 branch of the dungeon, and saw 7 of its levels.

You collected 400 gold pieces.
You paid 73 gold pieces to Gozag.

Inventory:

Hand Weapons
 a - a +0 war axe of chaos (weapon)
 d - a +2 heavy flail
Armour
 b - a +0 scale mail (worn)
 c - a +0 buckler (worn)
 l - a +0 pair of gloves (worn)
 s - a scarf of resistance (worn)
Jewellery
 h - a +6 ring of intelligence (left hand)
 t - the ring of Distryo (right hand) {Drain rC+ rCorr Int+2 Dex+2}
   (You found it on level 3 of the Dungeon)

   [ring of protection from cold]

   Int:       It affects your intelligence (+2).
   Dex:       It affects your dexterity (+2).
   rC:        It protects you from cold.
   rCorr:     It protects you from acid and corrosion.
   Drain:     It drains your maximum health when unequipped.
 u - an amulet of regeneration (around neck)
Wands
 e - a wand of mindburst (2)
Scrolls
 j - 3 scrolls of teleportation
 o - a scroll of fear
 v - 2 scrolls of blinking
 w - a scroll of vulnerability {unknown}
 y - a scroll of enchant weapon {unknown}
 z - a scroll of magic mapping
 A - a scroll of poison {unknown}
Potions
 f - a potion of magic
 k - 2 potions of curing
 m - 2 potions of flight
 q - a potion of berserk rage {unknown}
 x - 3 potions of brilliance


   Skills:
 + Level 6.2 Fighting
 + Level 4.6 Axes
 + Level 6.2 Armour
 + Level 5.6 Dodging
 + Level 6.1 Shields
 * Level 0.0 Evocations


You had 8 spell levels left.
You didn't know any spells.
Your spell library contained the following spells:

 Spells                   Type           Power      Damage    Failure   Level
 Gell's Gravitas          Tloc           0%         N/A       92%         3
 Teleport Other           Tloc           0%         N/A       92%         3
 Summon Forest            Summ/Tloc      0%         N/A       100%        5
 Summon Mana Viper        Hex/Summ       0%         N/A       100%        5
 Dispersal                Tloc           0%         N/A       100%        6
 Summon Cactus Giant      Summ           0%         N/A       100%        6


Dungeon Overview and Level Annotations

Branches:
Dungeon (9/15)             Temple (0/1) D:6
   Lair: D:8-11         Orc: D:9-12

Altars:
Dithmenos
Gozag
Hepliaklqana
Kikubaaqudgha
Xom
Zin


Innate Abilities, Weirdness & Mutations

You are immune to sickness and miasma.
Your stone body is resilient. (AC +6)
You are immune to poison.
You resist negative energy. (rN+)
You are resistant to electric shocks. (rElec)
You are resistant to unholy torment.
You are immune to petrification.


Message History

You hit the troll but do no damage.
The troll is almost dead.
You barely miss the acid dragon. The acid dragon bites you.
You block the acid dragon's attack. You block the troll's attack.
The troll claws you.
* * * LOW HITPOINT WARNING * * *
The troll claws you but does no damage.
You slash the acid dragon! You burn the acid dragon.
The acid dragon is moderately wounded.
You closely miss the troll. The acid dragon spits acid at you.
The splash of acid misses you. The troll bites you!
* * * LOW HITPOINT WARNING * * *
The troll closely misses you. The troll claws you but does no damage.
The troll barely misses you. The troll claws you but does no damage.
The troll barely misses you.
The acid dragon bites you but does no damage.
The acid dragon claws you but does no damage.
You feel better. The acid dragon bites you.
* * * LOW HITPOINT WARNING * * *
The acid dragon barely misses you. The troll bites you but does no damage.
The troll claws you but does no damage. The troll claws you.
* * * LOW HITPOINT WARNING * * *
You closely miss the acid dragon.
The acid dragon is moderately wounded.
You barely miss the troll.
The troll is distracted by your dazzling golden aura.
The acid dragon barely misses you. x2
You slash the acid dragon! You burn the acid dragon.
The acid dragon is almost dead.
You closely miss the troll.
The troll is no longer distracted by gold.
The troll bites you!
* * * LOW HITPOINT WARNING * * *
The troll closely misses you. The troll claws you.
* * * LOW HITPOINT WARNING * * *
The acid dragon spits acid at you. The splash of acid hits you. You resist.
You die...
Your body crumbles into a pile of gold.

#+###.≈≈# #.....≈≈#
#....≈≈############
#...≈≈≈≈≈≈≈≈≈≈≈≈≈≈
#..≈≈≈≈≈≈≈≈≈≈≈≈≈
#............
+......###.#
#..........#
#@..###.#..#
#TD............#
...##.##.####..##
........#### ..#
...... .. ...
...#...... .>##
....#... .. ..
##..##.... ...


You could see a troll and an acid dragon (catching breath).

Vanquished Creatures
  Maggie (D:6)
  6 yaks (D:6)
  A sky beast (D:6)
  2 ogres (D:5)
  A centaur (D:9)
  A phantom (D:5)
  A hound (D:5)
  A gnoll bouda (D:5)
  A jelly (D:3)
  Jessica (D:2)
  A sleepcap (D:5)
  Terence (D:3)
  An orc wizard (D:4)
  9 gnolls (D:5)
  6 adders
  A white imp (D:5)
  2 ufetubi (D:6)
  3 worms
  17 orcs
  7 ball pythons
  9 bats
  14 endoplasms
  6 goblins
  5 hobgoblins (D:1)
  6 jackals
  8 kobolds
  3 quokkas
  5 frilled lizards
  7 rats
127 creatures vanquished.

Vanquished Creatures (others)
  An orc zombie (D:5)
1 creature vanquished.

Grand Total: 128 creatures vanquished

Notes
Turn   | Place    | Note
-------+----------+-------------------------------------------
     0 | D:1      | Dorkslayer the Gargoyle Fighter began the quest for the
                  | Orb.
     0 | D:1      | Reached XP level 1. HP: 14/14 MP: 1/1
   162 | D:1      | Reached XP level 2. HP: 19/19 MP: 2/2
   295 | D:1      | Reached skill level 1 in Dodging
   357 | D:1      | Reached XP level 3. HP: 23/23 MP: 3/3
   712 | D:2      | Noticed Jessica
   716 | D:2      | Killed Jessica
   717 | D:2      | Reached XP level 4. HP: 28/29 MP: 4/4
  1637 | D:3      | Reached XP level 5. HP: 32/33 MP: 5/5
  1678 | D:3      | Found a faded altar of an unknown god.
  1779 | D:3      | Noticed Terence
  1789 | D:3      | Killed Terence
  1850 | D:3      | Identified the ring of Distryo {Drain rC+ rCorr Int+2
                  | Dex+2}
  2343 | D:4      | Found a hazy altar of Hepliaklqana.
  2344 | D:4      | Found a shadowy altar of Dithmenos.
  2344 | D:4      | Noticed a shadow
  2450 | D:4      | Reached XP level 6. HP: 38/38 MP: 6/6
  2498 | D:4      | Identified the +0 robe of Activism {rN+++ MP+9 Int+2 Dex-5}
  2513 | D:4      | Found a glowing silver altar of Zin.
  2709 | D:4      | Found an ancient bone altar of Kikubaaqudgha.
  2770 | D:5      | Entered Level 5 of the Dungeon
  3129 | D:5      | Reached XP level 7. HP: 42/44 MP: 7/7
  3213 | D:5      | HP: 2/44 [ogre/+0 giant spiked club (22)]
  3713 | D:5      | Found a shimmering altar of Xom.
  3861 | D:5      | Found an opulent altar of Gozag.
  3873 | D:5      | Became a worshipper of Gozag Ym Sagoz the Greedy
  3930 | D:6      | Noticed a yak
  3930 | D:6      | Noticed a yak
  3932 | D:6      | Noticed a yak
  3932 | D:6      | Noticed a yak
  3932 | D:6      | Noticed a yak
  3946 | D:6      | Killed a yak
  3947 | D:6      | Reached skill level 5 in Fighting
  3947 | D:6      | Reached skill level 5 in Armour
  3947 | D:6      | Reached skill level 5 in Shields
  3947 | D:6      | Reached XP level 8. HP: 49/49 MP: 8/8
  3953 | D:6      | Killed a yak
  3954 | D:6      | Killed a yak
  3954 | D:6      | Killed a yak
  3958 | D:6      | Killed a yak
  3959 | D:6      | Reached skill level 5 in Dodging
  3959 | D:6      | Killed a yak
  3960 | D:6      | Reached XP level 9. HP: 55/55 MP: 9/9
  3981 | D:6      | Noticed Maggie
  3995 | D:6      | Killed Maggie
  4038 | D:6      | Found a staircase to the Ecumenical Temple.
  4062 | D:6      | You fall into a shaft and drop 3 floors!
  4078 | D:9      | Noticed a troll
  4087 | D:9      | HP: 1/55 [troll (6)]
  4087 | D:9      | Killed from afar by an acid dragon

Illustrated notes

Levels and vault maps discovered:
D:1:      ebering_trefoil_twist, layout_loops_ring
D:2:      layout_loops_corners, uniq_jessica
D:3:      layout_loops_ring, basic_ecumenical_altar, uniq_terence
D:4:      layout_rooms, riverfiend_overflow_shadow_ancestor,
          mainiacjoe_overflow_two_lobes
D:5:      layout_loops_corners, tgw_xom, grunt_gozag_breadcrumbs,
          chequers_serial_rivers_micro_b, minmay_misc_feat_cross,
          roderic_lattice_a, nrook_pool_corridor
D:6:      layout_cave_pools, minmay_temple_entry_junction, serial_column_ruins,
          column_ruins_open_small, column_ruins_columns_dead_end,
          column_ruins_open_tiny, column_ruins_grid_1, column_ruins_grid_3,
          uniq_maggie
D:9:      layout_basic, slow_altar_1, erik_orc_2, serial_shops,
          kennysheep_mini_moat

Skill      XL: |  1  2  3  4  5  6  7  8  9 |
---------------+----------------------------+-----
Axes           | 2 3 4 |  4.6
Dodging        | 1 2 3 5 |  5.6
Armour         | 4 5 6 |  6.2
Fighting       | 4 5 6 |  6.2
Shields        | 4 5 6 |  6.1

Action                     |  1- 3 |  4- 6 |  7- 9 || total
---------------------------+-------+-------+-------++-------
  Melee: War axe           |    88 |   260 |   104 ||   452
  Evoke: Wand              |       |       |     2 ||     2
    Use: Scroll            |     3 |     8 |     4 ||    15
         Potion            |       |     1 |     8 ||     9
   Stab: Invisible         |       |       |    10 ||    10
 Armour: Scale mail        |    50 |   128 |    61 ||   239
  Dodge: Dodged            |    36 |   136 |    65 ||   237
  Block: Buckler           |    20 |    57 |    19 ||    96

Table legend: (Time is in decaauts)
 A = Elapsed time spent in this place.
 B = Non-inter-level travel time spent in this place.
 C = Inter-level travel time spent in this place.
 D = Time resting spent in this place.
 E = Time spent auto-exploring this place.
 F = Levels seen in this place.
 G = Mean time per level.
                   A        B        C        D        E       F      G
               +--------+--------+--------+--------+--------+-----+--------+
         Total |   4243 |   4243 |      0 |      0 |   1392 |   7 |  606.1 |
       Dungeon |   4243 |   4243 |      0 |      0 |   1392 |   7 |  606.1 |
               +--------+--------+--------+--------+--------+-----+--------+

Top non-repeatable levels by time:
     D:5: 1212 daAuts
     D:2: 859 daAuts
     D:3: 785 daAuts
     D:1: 709 daAuts
     D:4: 542 daAuts
     D:6: 106 daAuts
     D:9: 27 daAuts
